Map: Jagannatha LE

Players

PartinG

  • Race: Protoss Protoss
  • League: Grandmaster
  • Spawn Location: 7:00

DPGDark (Dark) - Winner!

  • Race: Zerg Zerg
  • League: Master
  • Spawn Location: 1:00

Event: TSL 6

VOD

Have the link to the VOD?

Description

Time

  • Played on: Dec. 13, 2020, 10:11 a.m.
  • Length: 4:15

All games in this series

Show
View Real Time Build Order
Export as new Build Order

PartinG Protoss 

Build Orders:  

Get SALT Encoding   

  12  0:00  Probe (Chrono Boost)  
  13  0:10  Probe (Chrono Boost)  
  14  0:15  Probe (Chrono Boost)  
  15  0:23  Pylon  
  15  0:41  Gateway, Probe  
  16  0:46  Assimilator  
  16  0:53  Probe  
  17  1:02  Forge  
  17  1:05  Probe  
  18  1:12  Pylon  
  18  1:17  Probe  
  19  1:28  Cybernetics Core  
  19  1:37  Probe  
  20  1:50  Probe  
  21  2:05  Warp Gate (Chrono Boost)  
  21  2:07  Stalker (Chrono Boost)  
  22  2:08  Pylon  
  24  2:20  Probe  
  24  2:21  Assimilator  
  24  2:30  Gateway  
  24  2:32  Gateway  
  24  2:33  Gateway  
  24  2:34  Stalker  
  26  2:43  Probe  
  27  2:51  Pylon  
  27  2:54  Pylon  
  27  2:57  Probe  
  28  3:11  Pylon  
  28  3:39  Stalker x4  
  36  3:47  Pylon  
Show
View Real Time Build Order
Export as new Build Order

DPGDark Zerg - Winner!

Build Orders: Hatch First 

Get SALT Encoding   

  12  0:00  Drone  
  13  0:12  Overlord  
  13  0:16  Drone  
  14  0:30  Drone  
  14  0:31  Drone  
  16  0:47  Hatchery  
  15  0:52  Drone  
  15  0:56  Drone  
  17  0:59  Drone  
  18  1:10  Extractor  
  17  1:14  Spawning Pool  
  17  1:17  Drone  
  17  1:26  Drone  
  17  1:29  Drone  
  19  1:47  Drone  
  20  2:00  Hatchery  
  20  2:01  Zergling x2  
  20  2:07  Queen  
  22  2:09  Drone  
  22  2:12  Drone  
  24  2:17  Drone  
  25  2:29  Drone x3  
  28  2:45  Metabolic Boost  
  28  2:50  Spine Crawler  
  27  2:52  Overlord  
  27  2:53  Zergling x2  
  28  3:02  Spine Crawler  
  27  3:07  Overlord  
  27  3:09  Zergling x2  
  27  3:11  Queen  
  27  3:12  Zergling x2  
  31  3:13  Zergling x4  
  33  3:21  Overlord  
  33  3:22  Zergling x2  
  33  3:25  Overlord  
  34  3:27  Zergling x4  
  34  3:32  Zergling x2  
  34  3:33  Zergling x2  
  38  3:36  Zergling x2  
  39  3:41  Overlord  
  39  3:42  Zergling x2  
  39  3:46  Zergling x2  
  41  3:50  Zergling x4  
  41  3:53  Zergling x2  
Tags
 
Add a new tag
Caveats
  • Supply blocks, unpowered buildings, or Contaminate may cause inaccurate times.
  • Supply counts are checked every 10 seconds.